 Dungeon Sprint DCSS version 0.30.1 (webtiles) character file.

Game seed: 6062757952634567132

2076 boopmooplesden the Stickfighter (level 9, -1/83 HPs)
             Began as a Minotaur Gladiator on July 10, 2023.
             Slain by a polar bear (4 damage)
             ... in the Dungeon (Sprint II: "The Violet Keep of Menkaure").
             The game lasted 00:03:00 (712 turns).

boopmooplesden the Stickfighter (Minotaur Gladiator) Turns: 712, Time: 00:03:01

Health: -1/83      AC:  3    Str: 20    XL:     9   Next: 6%
Magic:  8/8        EV: 18    Int:  9    God:
Gold:   115        SH:  0    Dex: 15    Spells: 8/8 levels left

rFire   x . .        a - +0 quarterstaff (heavy)
rCold   . . .        (shield currently unavailable)
rNeg    + . .        b - +0 leather armour
rPois   +            c - +0 hat
rElec   .            (no cloak)
rCorr   .            (no gloves)
SInv    .            m - -1 pair of boots "Dejuuplinin" {-Cast Dex+3}
Will    .....        (no amulet)
Stlth   +            l - ring "Celownop" {rPois rN+ Str+3}
HPRegen 0.33/turn    (no ring)
MPRegen 0.11/turn

%: no teleportation, no spellcasting
@: lethally poisoned (-1 -> -6), hasted, very quick
A: horns 2, retaliatory headbutt, clever 1, weak 2, heat vulnerability 1
a: no special abilities


You were in the Dungeon.
You visited 1 branch You collected 972 gold pieces.
You spent 857 gold pieces at shops.

Inventory:

Hand Weapons
 a - a +0 heavy quarterstaff (weapon)
Missiles
 d - 3 throwing nets (quivered)
 e - a javelin
Armour
 b - a +0 leather armour (worn)
 c - a +0 hat (worn)
 m - the -1 pair of boots "Dejuuplinin" (worn) {-Cast Dex+3}
   (You bought it in a shop in the Dungeon)

   Dex:       It affects your dexterity (+3).
   -Cast:     It prevents spellcasting.
Jewellery
 j - a +5 ring of evasion
 l - the ring "Celownop" (left hand) {rPois rN+ Str+3}
   (You bought it in a shop in the Dungeon)

   [ring of poison resistance]

   Str:       It affects your strength (+3).
   rPois:     It protects you from poison.
   rN:        It protects you from negative energy.
Scrolls
 k - a scroll of blinking
Potions
 i - 2 potions of magic


   Skills:
 + Level 9.1 Fighting
 + Level 15.7 Staves
 + Level 6.4 Throwing
 + Level 4.3 Armour
 + Level 13.4 Dodging
 + Level 0.6 Stealth


You had 8 spell levels left.
You didn't know any spells.
Your spell library was empty.

Dungeon Overview and Level Annotations

Branches:
Dungeon (1/1)

Altars:
Cheibriados
Dithmenos
Elyvilon
Fedhas
Gozag
Hepliaklqana
Kikubaaqudgha
Makhleb
Nemelex Xobeh
Okawaru
Ru
Sif Muna
Trog
Uskayaw
Vehumet
Zin
Jiyva
Lugonu

Shops:
D [:=:=?*=!(*??[!

Annotations:
D exclusion: oklob plant


Innate Abilities, Weirdness & Mutations

You have a pair of horns on your head.
You reflexively headbutt those who attack you in melee.
Your mind is acute. (Int +4, Str/Dex -1)
You are very weak. (Str -4)
You are vulnerable to heat. (rF-)


Message History

The hornet stings you.
You feel yourself slow down.
You closely miss the hornet. You headbutt the hornet.
The hornet is heavily wounded.
You feel yourself speed up. The hornet stings you!
* * * LOW HITPOINT WARNING * * *
You are poisoned.
You suddenly lose the ability to move!
The hornet stings you!
* * * LOW HITPOINT WARNING * * *
* * * LOW HITPOINT WARNING * * *
You feel very sick. The hornet completely misses you.
You can move again.
Unknown command.
You feel much better.
You feel sick. The hornet misses you.
You barely miss the hornet. You headbutt the hornet!
The hornet is severely wounded.
You feel sick. The hornet stings you!
* * * LOW HITPOINT WARNING * * *
You feel better. The hornet stings you.
* * * LOW HITPOINT WARNING * * *
You are poisoned.
You miss the hornet.
The hornet is severely wounded.
You feel sick. The hornet misses you.
You closely miss the hornet. You headbutt the hornet.
The hornet is almost dead.
You feel sick. The hornet barely misses you. You furiously retaliate!
You headbutt the hornet!
You kill the hornet!
Your Fighting skill increases to level 9!
You have reached level 9!
Your experience leads to an increase in your attributes!
Your base attributes are Str 20, Int 5, Dex 13.
Increase (S)trength, (I)ntelligence, or (D)exterity?
You feel stronger. x2
You feel sick. The polar bear bites you!
* * * LOW HITPOINT WARNING * * *
The polar bear claws you.
You die...

#. ##.#### +.### #.#
...# ^^.#### .### ..##
#..##$# # #.##..#
+^.#..# ###..#..#
#..#hc#
.'##.'..####..##@#
##.#.#....###...##▓▓▓
###.##......~~~~~~~~~~~
#####~~.....~#+########
..#~~~~~~~..~#....._._#
.##~~~~~~§§.~#...._._.#
##~~~§§§~§~§~#..._._._#
~~~~§§§§§§§§~#.._._._.#
+++#~≈≈≈≈§§≈~#._._._._#


You could see a polar bear and a yaktaur.

Vanquished Creatures
  A hornet (D)
  2 polar bears (D)
  A blink frog (D)
  2 wyverns (D)
  4 neqoxecs (D)
  Menkaure (D)
  A water moccasin (D)
  4 scorpions (D)
  3 worms (D)
19 creatures vanquished.

Notes
Turn   | Place    | Note
-------+----------+-------------------------------------------
     0 | D        | boopmooplesden the Minotaur Gladiator began the quest for
                  | the Orb.
     0 | D        | Reached XP level 1. HP: 18/18 MP: 0/0
     1 | D        | Noticed a wyvern
     1 | D        | Noticed a wyvern
     4 | D        | Noticed a neqoxec
     5 | D        | Gained mutation: Your mind is acute. (Int +4, Str/Dex -1)
                  | [a neqoxec]
    10 | D        | Noticed a neqoxec
    11 | D        | Killed a neqoxec
    12 | D        | Reached skill level 8 in Staves
    12 | D        | Reached XP level 2. HP: 28/28 MP: 1/1
    12 | D        | Reached XP level 3. HP: 34/34 MP: 2/2
    12 | D        | Reached XP level 4. HP: 41/41 MP: 3/3
    14 | D        | Killed a neqoxec
    15 | D        | Reached skill level 5 in Fighting
    15 | D        | Reached skill level 9 in Staves
    15 | D        | Reached skill level 1 in Armour
    15 | D        | Reached XP level 5. HP: 48/48 MP: 4/4
    15 | D        | Noticed a neqoxec
    17 | D        | Gained mutation: You are weak. (Str -2) [a neqoxec]
    21 | D        | Killed a neqoxec
    21 | D        | Noticed a water moccasin
    22 | D        | Reached skill level 11 in Staves
    22 | D        | Reached skill level 10 in Dodging
    22 | D        | Reached XP level 6. HP: 57/57 MP: 5/5
    24 | D        | Killed a water moccasin
    25 | D        | Reached skill level 5 in Throwing
    26 | D        | Noticed a neqoxec
    27 | D        | Gained mutation: You are vulnerable to heat. (rF-) [a
                  | neqoxec]
    37 | D        | Gained mutation: You are very weak. (Str -4) [a neqoxec]
    44 | D        | Killed a neqoxec
    45 | D        | Reached skill level 12 in Staves
    45 | D        | Reached XP level 7. HP: 27/64 MP: 6/6
   183 | D        | Killed a wyvern
   184 | D        | Reached skill level 13 in Staves
   188 | D        | Killed a wyvern
   340 | D        | Reached XP level 8. HP: 69/73 MP: 7/7
   373 | D        | Found Fuihaket's Distillery.
   373 | D        | Found Orebagg's Antique Armour Boutique.
   373 | D        | Found Ronolan's Assorted Antiques.
   373 | D        | Found Jarphes's Magic Scroll Shop.
   373 | D        | Found Nolun's Distillery.
   373 | D        | Found Juases's Antique Weapon Boutique.
   373 | D        | Found Bibicun's Jewellery Shop.
   374 | D        | Found Wigyop's Assorted Antiques.
   375 | D        | Found Ufor's Magic Scroll Boutique.
   375 | D        | Found Mosefer's Magic Scroll Shop.
   375 | D        | Found Hockeap's Jewellery Boutique.
   377 | D        | Noticed Menkaure
   388 | D        | Killed Menkaure
   389 | D        | Reached skill level 14 in Staves
   595 | D        | Noticed a blink frog
   604 | D        | Killed a blink frog
   616 | D        | Found Daedeutwe's Book Shop.
   616 | D        | Found Betuyde's Jewellery Boutique.
   616 | D        | Noticed an oklob plant
   617 | D        | Found Havo's Antique Armour Shop.
   617 | D        | Found Xeosm's Book Shoppe.
   623 | D        | Bought the ring "Celownop" {rPois rN+ Str+3} for 487 gold
                  | pieces
   627 | D        | Noticed an ice dragon
   628 | D        | Bought a pair of shimmering boots for 237 gold pieces
   628 | D        | Identified the -1 pair of boots "Dejuuplinin" {-Cast Dex+3}
                  | (You bought it in a shop in the Dungeon)
   645 | D        | Bought a scroll of brand weapon for 133 gold pieces
   678 | D        | Found a snail-covered altar of Cheibriados.
   679 | D        | Found a shadowy altar of Dithmenos.
   680 | D        | Found a white marble altar of Elyvilon.
   680 | D        | Found an ancient bone altar of Kikubaaqudgha.
   680 | D        | Found a viscous altar of Jiyva.
   681 | D        | Found a blossoming altar of Fedhas.
   681 | D        | Found a corrupted altar of Lugonu.
   681 | D        | Found a shimmering blue altar of Sif Muna.
   681 | D        | Found a hazy altar of Hepliaklqana.
   681 | D        | Found a sacrificial altar of Ru.
   682 | D        | Found an opulent altar of Gozag.
   682 | D        | Found a burning altar of Makhleb.
   682 | D        | Found a bloodstained altar of Trog.
   683 | D        | Found a sparkling altar of Nemelex Xobeh.
   683 | D        | Found a hide-covered altar of Uskayaw.
   684 | D        | Found an iron altar of Okawaru.
   684 | D        | Found a radiant altar of Vehumet.
   684 | D        | Found a glowing silver altar of Zin.
   685 | D        | Noticed a yaktaur
   685 | D        | Noticed a hornet
   685 | D        | Noticed a polar bear
   685 | D        | Noticed a polar bear
   695 | D        | Killed a polar bear
   695 | D        | Noticed a polar bear
   696 | D        | Reached skill level 15 in Staves
   702 | D        | Killed a polar bear
   705 | D        | Paralysed by a hornet for 1 turns
   705 | D        | HP: 3/77 [hornet (15)]
   706 | D        | HP: 1/77 [poisoned by a hornet]
   711 | D        | Killed a hornet
   712 | D        | Reached XP level 9. HP: 20/83 MP: 8/8
   712 | D        | HP: 3/83 [polar bear (16)]
   712 | D        | Slain by a polar bear

Illustrated notes

Levels and vault maps discovered:
D:        the_violet_keep_of_menkaure [sprint2_stairs_cluster_1,
          sprint2_shoproom, sprint2_temple, sprint2_basic_supplies,
          sprint2_obstacle_6, sprint2_obstacle_5, sprint2_obstacle_7,
          sprint2_obstacle_4, sprint2_obstacle_1, sprint2_timed_cluster_1,
          sprint2_smallroom_cluster_1, sprint2_smallroom_final_cluster_1,
          sprint2_transparent_cluster_1, sprint2_second_timed_cluster_1,
          sprint2_sniper_area_1, sprint2_heavy_combat_area_1,
          sprint2_mutation_trap_area_1, sprint2_forest_area_1,
          sprint2_light_combat_area_1, sprint2_behind_water_1,
          sprint2_near_end_vault_1]

Skill      XL: |  1  2  3  4  5  6  7  8 |
---------------+-------------------------+-----
Fighting       | 4 5 6 7 9 |  9.1
Staves         | 8 9 11 12 13 15 | 15.7
Throwing       | 3 4 5 6 |  6.4
Dodging        | 7 9 10 11 12 13 | 13.4
Armour         | 1 2 4 |  4.3
Stealth        | |  0.6

Action                     |  1- 3 |  4- 6 |  7- 9 || total
---------------------------+-------+-------+-------++-------
  Melee: Quarterstaff      |     5 |    29 |    68 ||   102
         Headbutt          |     1 |     7 |    13 ||    21
    Use: Potion            |     1 |       |     3 ||     4
         Scroll            |       |       |     1 ||     1
 Armour: Leather armour    |       |     1 |     6 ||     7
  Dodge: Dodged            |     1 |    11 |    44 ||    56
